 Dungeon Crawl Stone Soup version 0.27-a0-1287-gca74d27db6 (webtiles) character file.

Game seed: 12205437350916433323

154 avis the Chopper (level 5, -4/45 HPs)
             Began as a Hill Orc Monk on June 14, 2021.
             Was a Follower of Beogh.
             Slain by an orc warrior (6 damage)
             ... on level 3 of the Dungeon on June 15, 2021.
             The game lasted 00:13:34 (3477 turns).

avis the Chopper (Hill Orc Monk)                    Turns: 3477, Time: 00:13:36

Health: -4/45      AC:  5    Str: 15    XL:     5   Next: 36%
Magic:  2/5        EV: 11    Int: 10    God:    Beogh [*.....]
Gold:   120        SH:  0    Dex: 13    Spells: 4/4 levels left

rFire    . . .     SeeInvis .   a - +0 hand axe
rCold    . . .     Faith    .   (no shield)
rNeg     . . .     Spirit   .   i - +0 ring mail
rPois    .         Reflect  .   (no helmet)
rElec    .         Harm     .   (no cloak)
rCorr    .         Rampage  .   (no gloves)
Will     +....                  (no boots)
Stlth    +.........             (no amulet)
HPRegen  0.15/turn              e - ring of willpower
MPRegen  0.09/turn              (no ring)

@: no status effects
A: no striking features
a: Renounce Religion


You were on level 3 of the Dungeon.
You worshipped Beogh.
Beogh was aware of your devotion.
You visited 1 branch of the dungeon, and saw 3 of its levels.

You collected 186 gold pieces.
You spent 66 gold pieces at shops.

Inventory:

Hand Weapons
 a - a +0 hand axe (weapon)
 m - a +0 trident
Missiles
 b - 23 arrows
 c - 39 stones
 f - an atropa-tipped dart (quivered)
 n - 25 bolts
Armour
 i - a +0 ring mail (worn)
Jewellery
 e - a ring of willpower (left hand)
Scrolls
 d - a scroll of teleportation {unknown}
 k - 3 scrolls of noise
 o - a scroll of vulnerability {unknown}
 p - a scroll of identify
Potions
 g - a potion of brilliance
 j - a potion of lignification {unknown}
 l - a potion of flight
 q - a potion of heal wounds {unknown}


   Skills:
 - Level 3.6 Fighting
 + Level 7.8 Axes
 - Level 2.4 Dodging
 - Level 1.5 Stealth
 * Level 0.1 Invocations


You had 4 spell levels left.
You didn't know any spells.
Your spell library was empty.

Dungeon Overview and Level Annotations

Branches:
Dungeon (3/15)

Altars:

Shops:
D:1 *


Message History

Okay, then.
Unknown command.
An orc comes into view. It is wielding a +0 flail.
The orc warrior hits you with a +0 flail.
The ball python closely misses you. The ball python barely misses you.
You see here 2 atropa-tipped darts.
You hit the orc warrior.
The orc warrior is moderately wounded.
You hit the ball python.
You kill the ball python!
Beogh accepts your kill.
The orc warrior is no longer blind.
The orc warrior hits you with a +0 flail!
You hit the orc warrior but do no damage.
The orc warrior is moderately wounded.
The orc warrior hits you with a +0 flail.
You barely miss the orc warrior.
The orc warrior is moderately wounded.
You hit the orc priest. The orc priest hits you with a +0 whip.
The orc warrior hits you with a +0 flail.
You barely miss the orc warrior.
The orc warrior is moderately wounded.
You hit the orc priest. The orc priest hits you with a +0 whip.
* * * LOW HITPOINT WARNING * * *
The orc hits the orc but does no damage.
The orc warrior hits you with a +0 flail.
* * * LOW HITPOINT WARNING * * *
You feel better.
The orc priest invokes the aid of Beogh against you.
You resist with some effort.
The orc hits the orc with a +0 dagger.
The orc warrior hits you with a +0 flail!
* * * LOW HITPOINT WARNING * * *
You feel better.
The orc priest invokes the aid of Beogh against you.
Beogh smites you!
* * * LOW HITPOINT WARNING * * *
The orc barely misses the orc.
The orc warrior hits you with a +0 flail.
You die...
Beogh appreciates the orc warrior's killing of a heretic priest.

#.....# .#.#.....#
.#.#.....#
...#.....####
#(###........#
##o..####..###.#
#o.#.####..###.###
#oo..##...........
#@#####.##...#.###
#.#............#
#######
#.#.###.#....###
#.....#
#)..........##
#.###.#
###.###.....#
#.###.####
#........##
#######.##.....#
######...#
.........#..##.#
#...#
#######.##...#.#
#...#


You could see an orc warrior, an orc priest, an orc and a neutral orc.

Vanquished Creatures
  A bullfrog skeleton (D:2)
  5 adders
  An ufetubus (D:2)
  4 worms
  An orc (D:3)
  4 ball pythons
  8 endoplasms
  2 goblins
  7 hobgoblins
  9 jackals
  4 kobolds
  3 quokkas (D:2)
  4 bats
  2 frilled lizards (D:2)
  5 rats
60 creatures vanquished.

Vanquished Creatures (others)
  An orc priest (D:3)
  A plant (D:3)
2 creatures vanquished.

Grand Total: 62 creatures vanquished

Notes
Turn   | Place    | Note
-------+----------+-------------------------------------------
     0 | D:1      | avis the Hill Orc Monk began the quest for the Orb.
     0 | D:1      | Reached XP level 1. HP: 19/19 MP: 1/1
   325 | D:1      | Reached XP level 2. HP: 26/26 MP: 2/2
   527 | D:1      | Found Bukkywuij's General Store.
   535 | D:1      | Bought a scroll of identify for 22 gold pieces
   911 | D:2      | Reached skill level 5 in Axes
   936 | D:2      | Reached XP level 3. HP: 25/31 MP: 3/3
   998 | D:2      | Found a faded altar of an unknown god.
  1019 | D:2      | Reached skill level 6 in Axes
  1376 | D:1      | Bought a scroll of noise for 11 gold pieces
  1376 | D:1      | Bought a potion of flight for 33 gold pieces
  1459 | D:2      | Reached XP level 4. HP: 37/39 MP: 4/4
  2356 | D:3      | Reached skill level 7 in Axes
  2731 | D:3      | Reached XP level 5. HP: 42/45 MP: 5/5
  3457 | D:3      | Became a worshipper of Beogh the Brigand
  3457 | D:3      | Reached * piety under Beogh
  3457 | D:3      | Reached ** piety under Beogh
  3457 | D:3      | Noticed an orc warrior
  3477 | D:3      | HP: 2/45 [orc priest/divine providence (15)]
  3477 | D:3      | Slain by an orc warrior

Illustrated notes

Levels and vault maps discovered:
D:1:      dpeg_arrival_arbitrary_c, layout_loops_ring, serial_shops,
          nicolae_shop_crystal
D:2:      layout_rooms, basic_ecumenical_altar, serial_glass, glass_columns_b,
          glass_columns_a, nrook_loot_triangle
D:3:      layout_loops_cross, saegor_snake_ambush, uniq_ijyb

Skill      XL: |  1  2  3  4 |
---------------+-------------+-----
Axes           | 5 6 7 |  7.8
Fighting       | |  3.6
Dodging        | |  2.4
Stealth        | |  1.5
Invocations    | |  0.1

Action                   |  1- 3 |  4- 6 || total
-------------------------+-------+-------++-------
Melee: Hand axe          |    64 |   165 ||   229
Throw: Stone             |    17 |    66 ||    83
       Dart              |       |     5 ||     5
Invok: Smiting           |       |     1 ||     1
       Convert to Beogh  |       |     1 ||     1
  Use: Scroll            |     2 |       ||     2
       Potion            |       |     2 ||     2
 Stab: Sleeping          |     3 |     1 ||     4
       Invisible         |       |     2 ||     2
Armor: Robe              |     4 |       ||     4
       Leather armour    |     4 |       ||     4
       Ring mail         |    14 |    33 ||    47
Dodge: Dodged            |    46 |    71 ||   117

Table legend: (Time is in decaauts)
 A = Elapsed time spent in this place.
 B = Non-inter-level travel time spent in this place.
 C = Inter-level travel time spent in this place.
 D = Time resting spent in this place.
 E = Time spent auto-exploring this place.
 F = Levels seen in this place.
 G = Mean time per level.
                   A        B        C        D        E       F      G
               +--------+--------+--------+--------+--------+-----+--------+
         Total |   3489 |   3199 |    290 |   1312 |   1018 |   3 | 1163.0 |
       Dungeon |   3489 |   3199 |    290 |   1312 |   1018 |   3 | 1163.0 |
               +--------+--------+--------+--------+--------+-----+--------+

Top non-repeatable levels by time:
     D:2: 1287 daAuts
     D:3: 1247 daAuts
     D:1: 953 daAuts
